 Dungeon Crawl Stone Soup version 0.31-a0-1467-g53b6572 (webtiles) character file.

Game seed: 3969975624095327050

730010 Anotheraccount the Axe Maniac (level 27, -2/273 HPs)
             Began as a Hill Orc Fighter on Dec 28, 2023.
             Was the Champion of Jiyva.
             Hit by a large rock thrown by a tainted leviathan (14 damage)
             ... on level 2 of Tartarus.
             The game lasted 01:31:13 (51843 turns).

Anotheraccount the Axe Maniac (Hill Orc Fighter)   Turns: 51843, Time: 01:31:14

Health: -2/273     AC: 39    Str: 43    XL:     27
Magic:  43/43      EV: 18    Int: 12    God:    Jiyva [******]
Gold:   5388       SH: 26    Dex: 27    Spells: 40/40 levels left

rFire   + . .        U - +6 broad axe (spect)
rCold   + + +        m - +0 kite shield {rC+}
rNeg    + + .        M - +9 scales of the Dragon King {rPois rF+ rC+ Will+}
rPois   +            R - +2 hat {SInv}
rElec   +            g - +2 cloak of Soimn {rN+}
rCorr   +            J - +0 pair of fencer's gloves {Riposte Dex+3}
SInv    +            v - +2 pair of boots {Stlth+}
Will    ++...        w - amulet "Kenibaeh" {Reflect Int+2 Dex+4 SH+5}
Stlth   +++          H - ring "Jennett" {rElec Will+ MP+9 Int+4 Dex+2}
HPRegen 2.25/turn    S - ring "Hilang" {^Contam Fly rC+ rN+ Str+8}
MPRegen 1.08/turn

%: random rage (3%), reflection
@: lethally poisoned (-2 -> -16), afraid, doom-hounded, flying, mesmerised,
studying 2 skills, weak-willed
A: fangs 1, hooves 1, horns 1, camouflage 2, agile 2, berserk 1, strong-willed
3, sense surroundings 1, strong 2, wild magic 1, acidic bite, pseudopods 1,
tendrils, jelly sensing items, jelly absorbing missiles, MP-powered wands, noise
suppression
}: 6/15 runes: decaying, slimy, silver, icy, abyssal, gossamer
a: Renounce Religion, Oozemancy, Slimify


You were on level 2 of Tartarus.
You worshipped Jiyva.
Jiyva was exalted by your worship.
You visited 15 branches of the dungeon, and saw 66 of its levels.
You visited the Abyss 1 time.
You also visited: Bailey and Ice Cave.

You collected 6550 gold pieces.
You spent 1162 gold pieces at shops.

Inventory:

Hand Weapons
 U - a +6 spectral broad axe (weapon)
Armour
 g - the +2 cloak of Soimn (worn) {rN+}
   (You found it on level 5 of the Vaults)

   rN+:       It protects you from negative energy.
 m - a +0 kite shield of cold resistance (worn)
 v - a +2 pair of boots of stealth (worn)
 J - the +0 pair of fencer's gloves (worn) {Riposte Dex+3}
   (You acquired it on level 15 of the Dungeon)

   Riposte:   It allows the wearer to riposte with melee weapons, swiftly
   retaliating against missed or blocked melee attacks.
   Dex+3:     It affects your dexterity (+3).
 M - the +9 scales of the Dragon King (worn) {rPois rF+ rC+ Will+}
   (You found it on level 5 of the Lair of Beasts)

   rF+:       It protects you from fire.
   rC+:       It protects you from cold.
   rPois:     It protects you from poison Will+: It increases your willpower.
 R - a +2 hat of see invisible (worn)
Jewellery
 w - the amulet "Kenibaeh" (around neck) {Reflect Int+2 Dex+4 SH+5}
   (You took it off a deep elf demonologist on level 3 of the Elven Halls)

   [amulet of reflection]

   Reflect:   It reflects blocked missile attacks.
   Int+2:     It affects your intelligence (+2).
   Dex+4:     It affects your dexterity (+4).
   SH+5:      It affects your SH (+5).
 A - the ring of the Frog {Fly rElec rC+ rN+ Str-5}
   (You found it on level 3 of the Crypt)

   [ring of positive energy]

   Str-5:     It affects your strength (-5).
   rC+:       It protects you from cold.
   rElec:     It insulates you from electricity.
   rN+:       It protects you from negative energy.
   Fly:       It grants you flight.
 H - the ring "Jennett" (left hand) {rElec Will+ MP+9 Int+4 Dex+2}
   (You took it off a deep elf master archer on level 3 of the Elven Halls)

   [ring of magical power]

   Int+4:     It affects your intelligence (+4).
   Dex+2:     It affects your dexterity (+2).
   rElec:     It insulates you from electricity.
   Will+:     It increases your willpower.
   MP+9:      It affects your magic capacity (+9).
 P - the ring "Himuedd" {rElec rF+ Will+ AC+4 Int-5}
   (You found it on level 3 of the Crypt)

   [ring of protection]

   AC+4:      It affects your AC (+4).
   Int-5:     It affects your intelligence (-5).
   rF+:       It protects you from fire.
   rElec:     It insulates you from electricity.
   Will+:     It increases your willpower.
 S - the ring "Hilang" (right hand) {^Contam Fly rC+ rN+ Str+8}
   (You found it on level 3 of the Crypt)

   [ring of positive energy]

   Str+8:     It affects your strength (+8).
   rC+:       It protects you from cold.
   rN+:       It protects you from negative energy.
   Fly:       It grants you flight.
   ^Contam:   It causes magical contamination when unequipped.
Wands
 a - a wand of roots (53)
 b - a wand of polymorph (26)
 f - a wand of light (12)
 k - a wand of flame (47)
 u - a wand of charming (18)
 y - a wand of digging (6)
 E - a wand of mindburst (20)
Scrolls
 e - 5 scrolls of blinking
 h - 14 scrolls of teleportation
 i - a scroll of poison
 l - a scroll of torment
 n - 2 scrolls of revelation
 o - a scroll of brand weapon
 x - a scroll of enchant armour
 C - 6 scrolls of fear
 D - a scroll of summoning
 F - 5 scrolls of fog
Potions
 c - 5 potions of enlightenment
 d - 7 potions of might
 p - 6 potions of magic
 q - 2 potions of resistance
 s - 9 potions of haste
 t - a potion of cancellation
 B - 8 potions of ambrosia
 K - 13 potions of curing
 L - 4 potions of invisibility
 T - 3 potions of heal wounds
Miscellaneous
 z - a phantom mirror (inert)
 I - a condenser vane
 N - a box of beasts (inert)
 W - a phial of floods
 X - the horn of Geryon (inert)
 Y - a lightning rod (4/4)


   Skills:
 O Level 27 Fighting
 O Level 27 Axes
 * Level 22.6 Armour
 * Level 12.0 Dodging
 * Level 15.2 Stealth
 O Level 27 Shields
 * Level 7.4 Spellcasting
 * Level 12.8 Necromancy
 * Level 12.2 Ice Magic
 * Level 9.8 Evocations


You had 40 spell levels left.
You didn't know any spells.
Your spell library contained the following spells:

 Spells                   Type           Power      Damage    Failure   Level
 Necrotise                Necr           100%       1d9       1%          1
 Sublimation of Blood     Necr           45%        N/A       1%          2
 Vampiric Draining        Necr           45%        2d9       2%          3
 Animate Dead             Necr           45%        N/A       6%          4
 Kiss of Death            Conj/Necr      100%       2d13      8%          1
 Curse of Agony           Necr           45%        N/A       14%         5
 Cigotuvi's Dreadful Rot  Necr/Alch/Air  38%        N/A       26%         2
 Anguish                  Hex/Necr       12%        N/A       52%         4
 Apportation              Tloc           10%        N/A       65%         1
 Shock                    Conj/Air       20%        1d4       65%         1
 Slow                     Hex            20%        N/A       65%         1
 Sting                    Conj/Alch      20%        1d4       65%         1
 Summon Small Mammal      Summ           20%        N/A       65%         1
 Call Imp                 Summ           10%        N/A       78%         2
 Jinxbite                 Hex            10%        N/A       78%         2
 Scorch                   Fire           10%        2d5       78%         2
 Borgnjor's Vile Clutch   Necr/Erth      12%        N/A       86%         5
 Confusing Touch          Hex            5%         N/A       94%         3
 Dazzling Flash           Conj/Hex       10%        N/A       94%         3
 Mephitic Cloud           Conj/Alch/Air  5%         N/A       94%         3
 Passwall                 Erth           5%         N/A       94%         3
 Sigil of Binding         Hex            5%         N/A       94%         3
 Swiftness                Air            5%         N/A       94%         3
 Teleport Other           Tloc           5%         N/A       94%         3
 Volatile Blastmotes      Fire/Tloc      10%        2d10      94%         3
 Freezing Cloud           Conj/Ice/Air   9%         6-21      99%         5
 Airstrike                Air            2%         2d(1-17)  100%        4
 Cause Fear               Hex            2%         N/A       100%        4
 Flame Wave               Conj/Fire      5%         2d5       100%        4
 Fulminant Prism          Conj/Alch      2%         3d5       100%        4
 Ignite Poison            Fire/Alch      5%         N/A       100%        4
 Iskenderun's Mystic Bla  Conj/Tloc      5%         2d3       100%        4
 Leda's Liquefaction      Alch/Erth      2%         N/A       100%        4
 Vhi's Electric Charge    Tloc/Air       10%        N/A       100%        4
 Alistair's Intoxication  Alch           3%         N/A       100%        5
 Arcjolt                  Conj/Air       2%         1d12      100%        5
 Fireball                 Conj/Fire      2%         3d4       100%        5
 Irradiate                Conj/Alch      2%         3d12      100%        5
 Iskenderun's Battlesphe  Conj           5%         2d6       100%        5
 Lee's Rapid Deconstruct  Erth           2%         3d5*      100%        5
 Silence                  Hex/Air        2%         N/A       100%        5
 Summon Mana Viper        Hex/Summ       5%         N/A       100%        5
 Bombard                  Conj/Erth      2%         9d1       100%        6
 Conjure Ball Lightning   Conj/Air       2%         3x3d6     100%        6
 Dispersal                Tloc           2%         N/A       100%        6
 Plasma Beam              Fire/Air       2%         2x1d12    100%        6
 Sculpt Simulacrum        Ice/Alch       12%        N/A       100%        6
 Summon Cactus Giant      Summ           2%         N/A       100%        6
 Enfeeble                 Hex            2%         N/A       100%        7
 Haunt                    Necr/Summ      12%        N/A       100%        7
 Malign Gateway           Summ/Tloc      2%         N/A       100%        7
 Summon Hydra             Summ           2%         N/A       100%        7
 Discord                  Hex            2%         N/A       100%        8
 Disjunction              Tloc           2%         N/A       100%        8
 Infestation              Necr           22%        N/A       100%        8
 Summon Horrible Things   Summ           2%         N/A       100%        8
 Chain Lightning          Conj/Air       2%         3d3       100%        9
 Dragon's Call            Summ           2%         N/A       100%        9


Dungeon Overview and Level Annotations

Branches:
Dungeon (15/15)            Temple (0/1) D:5            Lair (5/5) D:11
  Swamp (4/4) Lair:3       Spider (4/4) Lair:3        Slime (5/5) Lair:4
    Orc (2/2) D:11            Elf (3/3) Orc:2        Vaults (5/5) D:13
  Crypt (3/3) Vaults:3       Tomb (0/3) Crypt:3      Depths (4/4) D:15
   Hell (visited)             Dis (1/7) Hell            Geh (0/7) Hell
    Coc (7/7) Hell            Tar (2/7) Hell            Zot (5/5) Depths:4
 Bailey (visited)           IceCv (visited)

Altars:
Ashenzari
Cheibriados
Dithmenos
Fedhas
Gozag
Hepliaklqana
Makhleb
Nemelex Xobeh
Qazlal
Ru
Uskayaw
Vehumet
Xom
Yredelemnul
Zin
Beogh
Jiyva

Shops:
Orc:2 [?([*   Elf:2 ?   Elf:3 (   Vaults:1 *   Vaults:2 [   Depths:4 **

Portals:
Hell: Depths:1 Depths:2 Depths:3 Depths:4
Abyss: Depths:1 Depths:3
Pandemonium: Depths:2
Ziggurat: Depths:3

Annotations:
D:2 1 runed translucent door, Crazy Yiuf
D:9 4 transporters
Slime:2 Dissolution
Slime:5 Royal Jelly
Zot:2 1 runed translucent door, Ris Kia's ghost, legendary MiFi


Innate Abilities, Weirdness & Mutations

You have very sharp teeth.
You have large cloven feet.
You have a pair of small horns on your head.
Your skin blends seamlessly with your surroundings (Stealth++).
You are very agile. (Dex +8, Str/Int -2)
You sometimes lose your temper in combat.
You are extremely strong-willed. (Will+++)
You passively map a small area around you.
Your muscles are very strong. (Str +8, Int/Dex -2)
Your spells are a little harder to cast, but a little more powerful.
You have acidic saliva.
Armour fits poorly on your pseudopods.
You are covered in slimy tendrils that may disarm your opponents.
You have a small jelly attached to you that senses nearby items.
You have a small jelly attached to you that may absorb projectiles.
You expend magic power (3 MP) to strengthen your wands.
You passively dampen the noise of your surroundings.


Message History

You headbutt the putrid mouth.
The putrid mouth is moderately damaged.
You slash the doom hound! You slice the spectral shard shrike!!
You destroy the spectral shard shrike!
You slash the hellion!
Your +6 spectral broad axe hits the putrid mouth!!!
You destroy the putrid mouth!
Your +6 spectral broad axe hits the hellion!!!
You kill the hellion!
Your +6 spectral broad axe hits the doom hound!!
Your +6 spectral broad axe barely misses the doom hound.
The tainted leviathan throws a large rock.
The large rock hits your +6 spectral broad axe!!
Your spectral weapon shares its damage with you!
* * * LOW HITPOINT WARNING * * *
The eidolon stares piercingly at you. The bolt of negative energy misses you.
The bolt of negative energy hits your +6 spectral broad axe.
Your +6 spectral broad axe completely resists.
The eidolon gestures.
The eidolon radiates an aura of fear!
You resist with almost no effort.
The eidolon gestures.
The eidolon radiates an aura of fear!
You are terrified of the eidolon!
A bone dragon comes into view.
Your azure jelly hits the tormentor.
Your azure jelly freezes the tormentor!
Your azure jelly hits the tormentor but does no damage.
Your azure jelly barely misses the tormentor.
Your azure jelly hits the tormentor.
The tormentor closely misses your azure jelly.
The tormentor hits your azure jelly but does no damage.
You block the doom hound's attack. x2
Unknown command.
You feel much better.
You are engulfed in dark miasma.
* * * LOW HITPOINT WARNING * * *
x2 You feel extremely sick.
A bone dragon comes into view.
The tainted leviathan throws a large rock.
The large rock hits you!
You die...

#.##########
.°.°.......## *
##..☼○☼......### ,
#...#○#W#.#....#
#..#§C○.W.2#...# *
, #..(○○○≈ZD.....#
#^.#Z.~hD1.#...#
#..○h@~8Wh§W...#
#°.#C☼○ZDW§#...# ,
#..○○Z☼WC☼J§§h...#
, .
.W°#Wh☼☼.2.#°○.# ,
*
#....W#.#○#°#☼,°.#
D.......°..○C°. .#
*
....Z..°...☼○○##,#
.D...########.. ,
, , .,


You could see 5 bone dragons, 4 tainted leviathans, 4 doom hounds, a Tzitzimitl,
3 eidola, 3 putrid mouths, 2 shadow wraiths, 3 spectral dire elephants, 2
spectral caustic shrikes, 2 tormentors, a friendly azure jelly (summoned,
fleeing) and a friendly +6 spectral broad axe.

Vanquished Creatures
  Antaeus (Coc:7)
  A dread lich (Zot:5)
  3 orbs of fire
  2 ancient liches
  The ghost of Celeygasm the Slayer, a legendary DsGl of Okawaru (Zot:3)
  3 juggernauts
  25 shard shrikes
  8 Killer Klowns
  Geryon (Hell)
  5 caustic shrikes
  10 golden dragons
  the Enchantress (Depths:3)
  The ghost of Sazoocig the Skinwalker, a veteran SpHu of Okawaru (Depths:4)
  2 bone dragons
  A doom hound (Tar:1)
  A hellephant (Hell)
  2 electric golems (Zot:5)
  11 Ice Fiends
  8 tentacled monstrosities
  2 liches
  2 spectral shard shrikes (Tar:2)
  25 Orb Guardians (Zot:5)
  Rupert (D:12)
  A walking divine tome (Depths:4)
  3 deep elf blademasters (Elf:3)
  3 deep elf master archers (Elf:3)
  12 titans
  A walking frostbound tome (Depths:2)
  11 ancient champions
  The ghost of kasel the Warrior, an adept DsGl of Cheibriados (Elf:2)
  4 sphinxes
  6 quicksilver dragons
  Frances (D:13)
  4 thorn hunters
  12 death cobs
  14 storm dragons
  14 shadow dragons
  9 tengu reavers
  5 protean progenitors
  Aizul (Spider:2)
  5 fire giants
  A draconian monk (Zot:4)
  A fenstrider witch (Swamp:2)
  2 revenants
  5 narguns
  5 emperor scorpions
  7 draconian knights
  A quicksilver elemental (Hell)
  11 vault wardens
  11 frost giants
  4 deep elf elementalists (Elf:3)
  8 deep elf sorcerers
  2 draconian shifters
  4 draconian scorchers
  Louise (Swamp:4)
  3 iron dragons
  9 ghost moths
  7 reapers
  4 draconian stormcallers
  7 shard shrike simulacra
  3 draconian annihilators
  3 balrugs
  The ghost of Eggoleu the Gelid, a journeyman DEBr of Vehumet (Elf:3)
  4 angels
  2 ophanim (Abyss:3)
  A broodmother (Spider:2)
  13 ironbound preservers
  10 ghouls
  7 spriggan defenders
  A caustic shrike skeleton (Crypt:2)
  24 stone giants
  23 very ugly things
  8 ironbound thunderhulks
  2 orc warlords
  25 elemental wellsprings
  9 deep elf demonologists
  10 deep elf death magi
  8 green draconians
  2 putrid mouths
  4 spark wasps
  2 eleionomae
  21 vampire knights
  6 bunyips
  16 yellow draconians
  7 purple draconians
  13 red draconians
  9 dire elephants
  A war gargoyle (Vaults:2)
  11 black draconians
  14 wendigos
  9 white draconians
  10 deep elf annihilators (Elf:3)
  4 iron golems (Hell)
  Snorg (D:12)
  2 eidola
  7 deep elf high priests
  10 ettins
  14 entropy weavers
  3 spriggan zombies (Crypt:3)
  7 fire dragons
  2 green deaths (Swamp:4)
  2 crystal guardians
  18 jiangshi
  A spectral spriggan (Tar:1)
  8 yaktaur captains
  2 shambling mangroves (Swamp:3)
  34 vault guards
  2 spectral shadow dragons
  9 hydras
  5 catoblepae
  4 ogre magi
  4 rakshasas
  A jorogumo (Spider:2)
  9 juggernaut simulacra
  A radroach (Spider:2)
  6 spriggan air magi
  10 alligators
  3 ghost crabs (Swamp:3)
  13 ice dragons
  6 caustic shrike simulacra
  A fenstrider witch skeleton (Crypt:2)
  5 centaur warriors
  5 deep troll shamans
  4 peacekeepers
  A spectral stone giant (Crypt:2)
  8 ironbound frosthearts
  9 two-headed ogres
  10 tengu warriors
  A death knight (Crypt:2)
  A Killer Klown simulacrum (Zot:3)
  2 satyrs (Zot:3)
  10 hell hogs
  21 death yaks
  7 boulder beetles
  6 deep troll earth magi
  13 demonic crawlers
  29 dancing weapons
  3 occultists
  13 vampire magi
  Nergalle (Lair:1)
  A titan zombie (Crypt:2)
  10 spriggans
  5 storm dragon zombies
  15 hell knights
  6 spriggan berserkers
  A thrashing horror (Swamp:4)
  6 soul eaters
  18 deep elf knights
  Sonja (Orc:2)
  9 sun demons
  A golden dragon zombie (Crypt:3)
  6 goliath frogs
  4 iron trolls
  A spectral bunyip (Crypt:2)
  2 skysharks
  4 spriggan druids
  26 skeletal warriors
  47 deep trolls
  5 pharaoh ants
  A shadow wraith (Vaults:5)
  11 large abominations
  6 swamp dragons
  2 cherubim (Abyss:3)
  3 quicksilver dragon simulacra
  An iron giant zombie (Crypt:3)
  3 spectral anacondas
  4 flayed ghosts
  A bunyip zombie (Crypt:3)
  5 anaconda zombies
  2 sun moths
  5 orb spiders
  12 bog bodies
  7 deep elf archers
  A shadow demon (Abyss:3)
  5 arcanists
  5 harpies (Vaults:3)
  4 steelbarb worms
  4 lindwurms
  23 phantasmal warriors
  6 necromancers
  14 ironbound convokers
  17 deep elf zephyrmancers
  10 orc sorcerers
  29 deep elf pyromancers
  3 will-o-the-wisps
  12 wolf spiders
  A stone giant zombie (Crypt:3)
  3 orc knights
  A salamander (Depths:2)
  3 cyclopes
  33 ugly things
  4 manticores
  15 elephants
  37 moths of wrath
  A spectral ettin (Crypt:2)
  2 ice statues
  A shock serpent zombie (Crypt:3)
  20 vault sentinels
  Joseph (D:9)
  8 kobold blastminers
  A frost giant skeleton (Crypt:1)
  Maurice (D:11)
  3 meliai (Spider:4)
  3 black mambas
  2 water nymphs (shapeshifter)
  A meliai (shapeshifter) (Elf:2)
  2 titan simulacra
  A spectral centaur (Crypt:2)
  An alligator snapping turtle zombie (Crypt:3)
  An orange demon (Swamp:4)
  3 gargoyles
  4 smoke demons
  A naga zombie (Crypt:3)
  10 cane toads
  4 unseen horrors
  2 torpor snails
  A water nymph (D:15)
  A red draconian zombie (Crypt:2)
  An emperor scorpion simulacrum (Coc:1)
  3 rime drakes
  8 swamp worm zombies (Crypt:3)
  A green draconian zombie (Crypt:3)
  8 komodo dragons
  An unseen horror (shapeshifter) (Elf:2)
  7 hellions
  7 tengu conjurers
  18 yaktaurs
  A black draconian zombie (Crypt:3)
  2 sea snake zombies (Hell)
  4 iron giant simulacra
  2 kobold demonologists (D:12)
  4 tormentors
  6 freezing wraiths
  12 anaconda simulacra
  3 golden dragon simulacra
  An iron troll zombie (Crypt:2)
  An ancient zyme (Abyss:3)
  An efreet (D:15)
  An ice devil (IceCv)
  5 guardian mummies (Crypt:3)
  15 hornets
  A shadow dragon simulacrum (Coc:2)
  2 polar bears
  13 trolls
  2 harpy zombies (Crypt:3)
  A bloated husk (Swamp:2)
  11 tyrant leeches
  2 sea snake skeletons
  An alligator simulacrum (Hell)
  A death drake zombie (Crypt:2)
  Prince Ribbit (D:5)
  A death drake skeleton (Crypt:2)
  2 hydra skeletons (Hell)
  A moth of wrath zombie (Crypt:2)
  23 tarantellas
  5 dream sheep (Lair:4)
  24 blink frogs
  2 stone giant simulacra
  2 iron dragon simulacra (Coc:7)
  A draconian simulacrum (Crypt:2)
  An ettin zombie (Crypt:3)
  2 fire dragon zombies (Crypt:1)
  4 centaur simulacra
  A spectral black mamba (Crypt:2)
  An ettin skeleton (Crypt:2)
  6 wraiths
  16 culicivoras
  18 jumping spiders
  A culicivora (shapeshifter) (Elf:2)
  17 vampires
  3 water elementals
  A merfolk skeleton (Crypt:1)
  3 shadows (Swamp:4)
  A fire elemental (Elf:1)
  An ice dragon skeleton (Crypt:1)
  4 wyverns
  A black mamba skeleton (Crypt:2)
  5 dire elephant simulacra
  A yak (shapeshifter) (Elf:2)
  A human (D:13)
  Eustachio (D:5)
  3 basilisks
  69 yaks
  3 death yak simulacra (IceCv)
  3 starcursed masses (Abyss:3)
  6 wargs (Orc:1)
  A wind drake skeleton (Crypt:2)
  2 alligator snapping turtle simulacra
  A chaos spawn (Depths:1)
  78 redbacks
  2 acid dragons
  20 harpy simulacra
  10 swamp worms
  A deep troll zombie (Crypt:3)
  21 water moccasins
  3 hell hounds (Hell)
  A hydra simulacrum (Coc:2)
  19 orc warriors
  3 small abominations (Depths:1)
  A swamp drake (Swamp:1)
  2 ice beasts
  A sky beast (shapeshifter) (Elf:1)
  2 ettin simulacra
  A lindwurm zombie (Crypt:1)
  24 ogres
  4 wolves (Orc:1)
  4 boggarts (Vaults:2)
  8 centaurs
  An elf zombie (Crypt:1)
  4 laughing skulls (Crypt:1)
  2 kobold brigands
  2 weeping skulls (Abyss:3)
  A fire crab zombie (Crypt:3)
  8 bullfrogs
  A rime drake skeleton (Crypt:3)
  2 gnoll sergeants
  5 necrophages
  A scorpion (D:5)
  A yaktaur skeleton (Crypt:2)
  A cane toad simulacrum (IceCv)
  6 two-headed ogre simulacra (IceCv)
  11 wights
  3 swamp dragon simulacra
  2 elephant simulacra (IceCv)
  18 killer bees
  A raiju skeleton (Crypt:3)
  8 howler monkeys
  4 electric eels
  5 lava snakes (Lair:5)
  A bombardier beetle (D:5)
  A hound (D:6)
  19 orc priests
  A sleepcap (D:8)
  3 iguanas
  15 orc wizards
  12 spriggan simulacra
  A boggart skeleton (Crypt:1)
  A polar bear simulacrum (IceCv)
  8 troll simulacra (IceCv)
  An ogre zombie (Crypt:3)
  4 wolf simulacra (IceCv)
  7 mummies (Crypt:3)
  18 gnolls
  9 adders
  13 naga simulacra
  2 white imps
  2 ufetubi (IceCv)
  A worm (D:2)
  2 dart slugs (D:1)
  85 orcs
  3 bats
  An endoplasm (D:1)
  A giant cockroach (D:3)
  5 goblins
  7 hobgoblins
  2 jackals (D:3)
  11 kobolds
  A quokka (D:3)
  4 ball pythons
  A ball python skeleton (Crypt:1)
  4 frilled lizards
  An orc zombie (Crypt:1)
  6 rats
  3 aspiring fleshes (Zot:2)
  A butterfly (Lair:2)
  3 spectral weapons
2407 creatures vanquished.

Vanquished Creatures (collateral kills)
  A curse toe (Zot:3)
  A bone dragon (Zot:3)
  An ironbound thunderhulk (D:13)
  2 spectral draconians (Zot:3)
  A spriggan berserker (Depths:1)
  An occultist (Depths:1)
  2 spriggans (Depths:1)
  Lodul (D:11)
  2 tormentors
  2 hornets (Depths:1)
  A draconian simulacrum (Zot:3)
  A wyvern (D:11)
16 creatures vanquished.

Vanquished Creatures (others)
  A shard shrike (Coc:2)
  A fire giant (Depths:2)
  An ironbound preserver (Vaults:2)
  2 elemental wellsprings (Coc:5)
  An ironbound thunderhulk (Vaults:2)
  6 great orbs of eyes
  A wendigo (Coc:1)
  Josephine (D:12)
  A hydra (Swamp:4)
  A vault guard (Vaults:5)
  A juggernaut simulacrum (Coc:1)
  A caustic shrike simulacrum (Coc:3)
  A spriggan air mage (Depths:2)
  A dancing weapon (Elf:2)
  A centaur warrior (Vaults:1)
  A deep elf knight (Elf:3)
  2 glowing orange brains
  2 spriggan simulacra (Coc:7)
  A deep troll (shapeshifter) (Vaults:5)
  2 ironbound convokers
  A swamp dragon (Swamp:4)
  A necromancer (Vaults:4)
  A steelbarb worm (shapeshifter) (Vaults:5)
  A lindwurm (Vaults:2)
  A deep elf zephyrmancer (Elf:3)
  A harpy (Vaults:3)
  A wolf spider (shapeshifter) (Depths:2)
  4 ugly things
  A shining eye (Abyss:3)
  3 meliai (shapeshifter)
  2 vault sentinels
  2 moths of wrath (Elf:2)
  A titan simulacrum (Coc:2)
  An eye of devastation (shapeshifter) (Elf:2)
  3 yaktaurs
  A yaktaur (shapeshifter) (Vaults:5)
  4 glass eyes
  A golden dragon simulacrum (Coc:1)
  A troll (D:12)
  A bloated husk (Swamp:3)
  30 slime creatures
  A merfolk (shapeshifter) (Elf:2)
  A tyrant leech (Swamp:1)
  A stone giant simulacrum (Coc:5)
  A spriggan (shapeshifter) (Elf:2)
  A shadow (Swamp:4)
  A culicivora (Spider:3)
  5 wraiths (D:12)
  3 dire elephant simulacra
  A redback (Spider:4)
  An alligator snapping turtle simulacrum (Coc:2)
  A redback (shapeshifter) (Elf:2)
  2 harpy simulacra
  A hydra simulacrum (Coc:3)
  2 water moccasins
  3 ettin simulacra
  A black bear (shapeshifter) (Elf:2)
  An ogre (D:11)
  A wolf (Orc:1)
  A bullfrog (D:6)
  A necrophage (Crypt:2)
  A naga simulacrum (Coc:4)
  A wight (D:7)
  A swamp dragon simulacrum (Coc:1)
  A yak skeleton (Crypt:2)
  2 howler monkeys
  A bombardier beetle (D:5)
  A crimson imp (Abyss:3)
  247 jellies
  2 orc priests (Orc:2)
  A hound (D:5)
  2 iguanas
  Ijyb (D:5)
  5 orc wizards
  An ufetubus (IceCv)
  2 endoplasms
  18 orcs
  A goblin (D:4)
  A hobgoblin (D:3)
  A quokka (D:4)
  A ball python (D:2)
  2 frilled lizards (D:3)
  A kobold (D:3)
  A rat (D:3)
  A butterfly (Lair:3)
  16 foxfires
  66 spectral weapons
499 creatures vanquished.

Grand Total: 2922 creatures vanquished

Notes
Turn   | Place    | Note
-------+----------+-------------------------------------------
     0 | D:1      | Anotheraccount the Hill Orc Fighter began the quest for the
                  | Orb.
     0 | D:1      | Reached XP level 1. HP: 19/19 MP: 1/1
   303 | D:1      | Found a faded altar of an unknown god.
   309 | D:1      | Reached XP level 2. HP: 27/27 MP: 2/2
   314 | D:1      | Prayed at the altar of an unknown god.
   314 | D:1      | Became a worshipper of Jiyva Jenaatoe the Shapeless
   314 | D:1      | Reached * piety under Jiyva
  1000 | D:2      | Found an opulent altar of Gozag.
  1058 | D:2      | Reached ** piety under Jiyva
  1079 | D:2      | Reached XP level 3. HP: 27/33 MP: 3/3
  1144 | D:2      | Found a runed translucent door.
  1145 | D:2      | Noticed Crazy Yiuf
  1294 | D:2      | Identified the +1 leather armour "Iheamum" {Harm rElec
                  | Slay-2}
  1540 | D:3      | Reached XP level 4. HP: 40/40 MP: 4/4
  1734 | D:3      | Reached XP level 5. HP: 47/47 MP: 5/5
  1774 | D:3      | Reached *** piety under Jiyva
  1879 | D:3      | Gained mutation: You have sharp toenails. [Jiyva's grace]
  1879 | D:3      | Gained mutation: You have razor-sharp toenails. [Jiyva's
                  | grace]
  1879 | D:3      | Gained mutation: You have claws for feet. [Jiyva's grace]
  1879 | D:3      | Gained mutation: A frigid envelope surrounds you and
                  | freezes all who hurt you. [Jiyva's grace]
  2026 | D:3      | Found a basalt altar of Yredelemnul.
  2052 | D:4      | Noticed an ogre
  2065 | D:3      | Killed an ogre
  2066 | D:3      | Reached skill level 5 in Axes
  2088 | D:4      | Reached skill level 1 in Dodging
  2088 | D:4      | Reached XP level 6. HP: 43/53 MP: 6/6
  2100 | D:4      | You fall into a shaft and drop 1 floor!
  2100 | D:5      | Entered Level 5 of the Dungeon
  2601 | D:4      | Reached **** piety under Jiyva
  2842 | D:5      | Reached skill level 5 in Shields
  2889 | D:5      | Noticed Eustachio
  2898 | D:5      | Killed Eustachio
  2899 | D:5      | Reached XP level 7. HP: 60/60 MP: 7/7
  2946 | D:5      | Noticed Prince Ribbit
  2958 | D:5      | Killed Prince Ribbit
  2959 | D:5      | Reached skill level 5 in Fighting
  2961 | D:5      | Found a staircase to the Ecumenical Temple.
  3134 | D:5      | Killed Ijyb
  3163 | D:5      | Reached ***** piety under Jiyva
  3612 | D:6      | Gained mutation: You are partially covered in iridescent
                  | scales. (AC +2) [Jiyva's grace]
  3612 | D:6      | Gained mutation: You are mostly covered in iridescent
                  | scales. (AC +4) [Jiyva's grace]
  3612 | D:6      | Gained mutation: You are completely covered in iridescent
                  | scales. (AC +6) [Jiyva's grace]
  3612 | D:6      | Gained mutation: You passively dampen the noise of your
                  | surroundings. [Jiyva's grace]
  3832 | D:6      | Reached skill level 5 in Armour
  3901 | D:6      | Reached XP level 8. HP: 68/68 MP: 8/8
  3901 | D:6      | Found a stormy altar of Qazlal.
  4296 | D:7      | Noticed a vampire
  4304 | D:7      | Killed a vampire
  4585 | D:7      | Reached XP level 9. HP: 76/78 MP: 9/9
  4672 | D:7      | Found a flagged portal.
  4675 | D:7      | Reached skill level 1 in Stealth
  4687 | Bailey   | Entered a bailey
  4815 | Bailey   | Noticed an orc knight
  4821 | Bailey   | Killed an orc knight
  5241 | D:8      | Found a blossoming altar of Fedhas.
  5242 | D:8      | Found a glowing silver altar of Zin.
  5246 | D:8      | Found a hazy altar of Hepliaklqana.
  5304 | D:8      | Found a shadowy altar of Dithmenos.
  5304 | D:8      | Found a sacrificial altar of Ru.
  5305 | D:8      | Found a burning altar of Makhleb.
  5339 | D:8      | Found a snail-covered altar of Cheibriados.
  5369 | D:8      | Reached XP level 10. HP: 87/88 MP: 7/10
  5373 | D:8      | Reached skill level 10 in Axes
  5390 | D:8      | Gained mutation: Your skin changes colour to match your
                  | surroundings (Stealth+). [Jiyva's grace]
  5390 | D:8      | Gained mutation: Your skin blends seamlessly with your
                  | surroundings (Stealth++). [Jiyva's grace]
  5390 | D:8      | Gained mutation: Your skin perfectly mimics your
                  | surroundings (Stealth+++). [Jiyva's grace]
  5390 | D:8      | Gained mutation: Your spells are a little harder to cast,
                  | but a little more powerful. [Jiyva's grace]
  5554 | D:8      | Found a hide-covered altar of Uskayaw.
  6014 | D:9      | Found a transporter.
  6139 | D:9      | Noticed a two-headed ogre
  6154 | D:9      | Killed a two-headed ogre
  6312 | D:9      | Found a transporter.
  6424 | D:9      | Reached skill level 10 in Shields
  6460 | D:9      | Reached ****** piety under Jiyva
  6512 | D:9      | Identified the +9 great sword "Faym Zua" {freeze, Stlth+}
  6596 | D:9      | Found a transporter.
  6598 | D:9      | Found a transporter.
  6650 | D:9      | Noticed Joseph
  6666 | D:9      | Killed Joseph
  6920 | D:10     | Entered Level 10 of the Dungeon
  6933 | D:10     | Reached XP level 11. HP: 95/95 MP: 11/11
  7052 | D:10     | Noticed a two-headed ogre
  7062 | D:10     | Killed a two-headed ogre
  7219 | D:10     | Lost mutation: You have claws for feet. [Jiyva's grace]
  7219 | D:10     | Lost mutation: You have razor-sharp toenails. [Jiyva's
                  | grace]
  7219 | D:10     | Lost mutation: Your skin perfectly mimics your surroundings
                  | (Stealth+++). [Jiyva's grace]
  7219 | D:10     | Gained mutation: You have acidic saliva. [Jiyva's grace]
  7219 | D:10     | Gained mutation: Armour fits poorly on your pseudopods.
                  | [Jiyva's grace]
  7219 | D:10     | Gained mutation: Armour fits poorly on your large
                  | pseudopods. [Jiyva's grace]
  7219 | D:10     | Gained mutation: Armour fits poorly on your massive
                  | pseudopods. [Jiyva's grace]
  7624 | D:11     | Noticed Fannar
  7629 | D:11     | Slimified Fannar
  7629 | D:11     | Fannar changed into Fannar the slime creature
  7629 | D:11     | Noticed Fannar
  7630 | D:11     | Found a staircase to the Lair.
  7649 | D:11     | Noticed Maurice
  7665 | D:11     | Killed Fannar the slime creature
  7671 | D:11     | Noticed Lodul
  7728 | D:11     | Identified the +8 war axe "Xeklihoh" {venom, Dex+4 Stlth+}
  7737 | D:11     | Killed Lodul
  7891 | D:11     | Killed Maurice
  8033 | D:11     | Found a staircase to the Orcish Mines.
  8370 | Lair:1   | Entered Level 1 of the Lair of Beasts
  8479 | Lair:1   | Reached XP level 12. HP: 106/106 MP: 12/12
  8746 | Lair:1   | Lost mutation: You have sharp toenails. [Jiyva's grace]
  8746 | Lair:1   | Lost mutation: You are completely covered in iridescent
                  | scales. (AC +6) [Jiyva's grace]
  8746 | Lair:1   | Lost mutation: Armour fits poorly on your massive
                  | pseudopods. [Jiyva's grace]
  8746 | Lair:1   | Lost mutation: You passively dampen the noise of your
                  | surroundings. [Jiyva's grace]
  8746 | Lair:1   | Gained mutation: You are completely covered in iridescent
                  | scales. (AC +6) [Jiyva's grace]
  8746 | Lair:1   | Gained mutation: You expend magic power (3 MP) to
                  | strengthen your wands. [Jiyva's grace]
  8746 | Lair:1   | Gained mutation: You passively map a small area around you.
                  | [Jiyva's grace]
  8746 | Lair:1   | Gained mutation: You passively map the area around you.
                  | [Jiyva's grace]
  8815 | Lair:1   | Reached skill level 10 in Fighting
  8874 | Lair:1   | Noticed a boulder beetle
  8885 | Lair:1   | Killed a boulder beetle
  9095 | Lair:2   | Noticed a boulder beetle
  9116 | Lair:1   | Killed a boulder beetle
  9122 | Lair:2   | Noticed Nergalle
  9193 | Lair:1   | Killed Nergalle
  9379 | Lair:2   | Noticed a catoblepas
  9392 | Lair:2   | Killed a catoblepas
  9393 | Lair:2   | Reached skill level 15 in Axes
  9396 | Lair:2   | You fall into a shaft and drop 2 floors!
  9438 | Lair:4   | Reached XP level 13. HP: 115/115 MP: 13/13
  9544 | Lair:2   | Reached skill level 10 in Armour
  9663 | Lair:2   | Reached skill level 5 in Dodging
  9944 | Lair:3   | Found a staircase to the Swamp.
 10115 | Lair:3   | Lost mutation: A frigid envelope surrounds you and freezes
                  | all who hurt you. [Jiyva's grace]
 10115 | Lair:3   | Gained mutation: You have a small jelly attached to you
                  | that may absorb projectiles. [Jiyva's grace]
 10115 | Lair:3   | Lost mutation: Your skin blends seamlessly with your
                  | surroundings (Stealth++). [Jiyva's grace]
 10115 | Lair:3   | Lost mutation: Your skin changes colour to match your
                  | surroundings (Stealth+). [Jiyva's grace]
 10115 | Lair:3   | Gained mutation: Your translucent skin slightly reduces
                  | your foes' accuracy. (Stealth+) [Jiyva's grace]
 10115 | Lair:3   | Gained mutation: Your translucent skin reduces your foes'
                  | accuracy. (Stealth+) [Jiyva's grace]
 10115 | Lair:3   | Gained mutation: Your transparent skin significantly
                  | reduces your foes' accuracy. (Stealth+) [Jiyva's grace]
 10365 | Lair:3   | Found a hole to the Spider Nest.
 10853 | Lair:4   | Found a viscous altar of Jiyva.
 10854 | Lair:4   | Found a staircase to the Slime Pits.
 10870 | Slime:1  | Entered Level 1 of the Pits of Slime
 10879 | Slime:1  | Noticed an acid blob
 10904 | Slime:1  | Noticed an azure jelly
 10909 | Slime:2  | Noticed Dissolution
 10914 | Slime:2  | Noticed an azure jelly
 10914 | Slime:2  | Noticed a great orb of eyes
 10915 | Slime:2  | Noticed a quicksilver ooze
 10940 | Slime:4  | Noticed a quicksilver ooze
 10946 | Slime:5  | Entered Level 5 of the Pits of Slime
 10958 | Slime:5  | Noticed an acid blob
 10972 | Slime:5  | Noticed the Royal Jelly
 10973 | Slime:5  | Noticed an acid blob
 10973 | Slime:5  | Noticed a formless jellyfish
 10973 | Slime:5  | Noticed a quicksilver ooze
 10976 | Slime:5  | Found a viscous altar of Jiyva.
 10976 | Slime:5  | Noticed an acid blob
 10976 | Slime:5  | Noticed a quicksilver ooze
 10976 | Slime:5  | Noticed a quicksilver ooze
 10978 | Slime:5  | Noticed a great orb of eyes
 10980 | Slime:5  | Noticed a great orb of eyes
 10985 | Slime:5  | Noticed an acid blob
 10986 | Slime:5  | Noticed an acid blob
 10986 | Slime:5  | Noticed an acid blob
 10991 | Slime:5  | Noticed a rockslime
 10996 | Slime:5  | Identified the +6 dagger of Nupto {freeze, MP+9 Str+2
                  | Int+6}
 11012 | Slime:5  | Noticed a rockslime
 11013 | Slime:5  | Noticed an acid blob
 11016 | Slime:5  | Identified the +8 dagger of Tyirch {antimagic, rElec rF+
                  | rC+}
 11019 | Slime:5  | Identified the +0 long sword "Ystu" {flame, rC++}
 11022 | Slime:5  | Identified the +1 robe of Tartarus {-Tele rCorr Str+10}
 11038 | Slime:5  | Noticed an acid blob
 11045 | Slime:5  | Got a starry gem with 827 turns to spare
 11045 | Slime:5  | Got a slimy rune of Zot
 11056 | Slime:5  | Noticed a formless jellyfish
 11076 | Slime:5  | Noticed a formless jellyfish
 11077 | Slime:5  | Noticed a formless jellyfish
 11084 | Slime:5  | Noticed an acid blob
 11095 | Slime:5  | Noticed an acid blob
 11106 | Slime:5  | Noticed an acid blob
 11180 | Slime:5  | Noticed a rockslime
 11200 | Slime:5  | Noticed an acid blob
 11230 | Slime:5  | Noticed a great orb of eyes
 11901 | Lair:4   | Lost mutation: You are completely covered in iridescent
                  | scales. (AC +6) [Jiyva's grace]
 11901 | Lair:4   | Lost mutation: Armour fits poorly on your large pseudopods.
                  | [Jiyva's grace]
 11901 | Lair:4   | Lost mutation: You have a small jelly attached to you that
                  | may absorb projectiles. [Jiyva's grace]
 11901 | Lair:4   | Gained mutation: You are covered in slimy tendrils that may
                  | disarm your opponents. [Jiyva's grace]
 11901 | Lair:4   | Gained mutation: Your body has grown eyes which may confuse
                  | attackers. (Acc +3) [Jiyva's grace]
 11901 | Lair:4   | Gained mutation: Your body has grown many eyes which may
                  | confuse attackers. (Acc +5) [Jiyva's grace]
 11901 | Lair:4   | Gained mutation: Your body is covered in eyes which may
                  | confuse attackers. (Acc +7, SInv) [Jiyva's grace]
 12052 | Lair:5   | Entered Level 5 of the Lair of Beasts
 12248 | Lair:5   | Reached XP level 14. HP: 118/126 MP: 14/14
 12944 | Lair:5   | Reached skill level 15 in Shields
 13449 | Lair:5   | Found the +9 scales of the Dragon King {rPois rF+ rC+
                  | Will+}
 13761 | D:12     | Noticed Snorg
 13773 | D:12     | Killed Snorg
 13814 | D:12     | Found a frozen archway.
 13844 | IceCv    | Entered an ice cave
 13862 | IceCv    | Reached XP level 15. HP: 136/136 MP: 15/15
 14530 | D:12     | Noticed Rupert
 14548 | D:12     | Killed Rupert
 14549 | D:12     | Reached skill level 5 in Stealth
 14557 | D:12     | Killed Josephine
 14653 | D:12     | Found a sparkling altar of Nemelex Xobeh.
 14730 | D:12     | Lost mutation: You are mostly covered in iridescent scales.
                  | (AC +4) [Jiyva's grace]
 14730 | D:12     | Lost mutation: Your spells are a little harder to cast, but
                  | a little more powerful. [Jiyva's grace]
 14730 | D:12     | Lost mutation: Your transparent skin significantly reduces
                  | your foes' accuracy. (Stealth+) [Jiyva's grace]
 14730 | D:12     | Gained mutation: You have sharp toenails. [Jiyva's grace]
 14730 | D:12     | Gained mutation: You have razor-sharp toenails. [Jiyva's
                  | grace]
 14730 | D:12     | Gained mutation: You have claws for feet. [Jiyva's grace]
 14730 | D:12     | Gained mutation: Armour fits poorly on your large
                  | pseudopods. [Jiyva's grace]
 15080 | D:13     | Found a gate to the Vaults.
 15223 | D:13     | Found a broken altar of Ashenzari.
 15511 | D:13     | Noticed Frances
 15520 | D:13     | Killed Frances
 15569 | D:13     | Upgraded the game from 0.31-a0-1459-g54790a2 to
                  | 0.31-a0-1467-g53b6572
 16340 | D:14     | Found a glowing silver altar of Zin.
 16406 | D:15     | Entered Level 15 of the Dungeon
 16661 | D:15     | Lost mutation: You have claws for feet. [Jiyva's grace]
 16661 | D:15     | Lost mutation: Your body is covered in eyes which may
                  | confuse attackers. (Acc +7, SInv) [Jiyva's grace]
 16661 | D:15     | Lost mutation: Your body has grown many eyes which may
                  | confuse attackers. (Acc +5) [Jiyva's grace]
 16661 | D:15     | Lost mutation: Armour fits poorly on your large pseudopods.
                  | [Jiyva's grace]
 16661 | D:15     | Lost mutation: You are covered in slimy tendrils that may
                  | disarm your opponents. [Jiyva's grace]
 16661 | D:15     | Gained mutation: Armour fits poorly on your large
                  | pseudopods. [Jiyva's grace]
 16661 | D:15     | Gained mutation: Armour fits poorly on your massive
                  | pseudopods. [Jiyva's grace]
 16661 | D:15     | Gained mutation: You have a small jelly attached to you
                  | that may absorb projectiles. [Jiyva's grace]
 16661 | D:15     | Gained mutation: You have hidden genetic potential.
                  | [Jiyva's grace]
 16694 | D:15     | Identified a scroll of acquirement
 16694 | D:15     | Acquired the +0 pair of fencer's gloves {Riposte Dex+3}
 16694 | D:15     | Found the +0 pair of fencer's gloves {Riposte Dex+3}
 16992 | D:15     | Found a staircase to the Depths.
 17252 | Orc:1    | Entered Level 1 of the Orcish Mines
 17334 | Orc:2    | Entered Level 2 of the Orcish Mines
 17339 | Orc:2    | Noticed an orc warlord
 17350 | Orc:2    | Found Fayfenec's General Store.
 17388 | Orc:2    | Found a roughly hewn altar of Beogh.
 17505 | Orc:2    | Killed an orc warlord
 17506 | Orc:2    | Reached skill level 15 in Fighting
 17523 | Orc:2    | Found a roughly hewn altar of Beogh.
 17630 | Orc:2    | Reached XP level 16. HP: 138/149 MP: 16/16
 17635 | Orc:2    | Found a roughly hewn altar of Beogh.
 17667 | Orc:2    | Found a staircase to the Elven Halls.
 17667 | Orc:2    | Noticed Sonja
 17684 | Orc:2    | Killed Sonja
 17692 | Orc:2    | Found a roughly hewn altar of Beogh.
 17757 | Orc:2    | Found a roughly hewn altar of Beogh.
 17851 | Orc:2    | Found a roughly hewn altar of Beogh.
 17852 | Orc:2    | Found Reroth's Magic Scroll Shoppe.
 17868 | Orc:2    | Bought a scroll of teleportation for 36 gold pieces
 17868 | Orc:2    | Bought a scroll of blinking for 90 gold pieces
 17868 | Orc:2    | Bought a scroll of teleportation for 36 gold pieces
 17911 | Orc:2    | Found a roughly hewn altar of Beogh.
 17912 | Orc:2    | Found Cezemen's Armour Shoppe.
 18026 | Orc:2    | Found Ogeutest's Antique Armour Shoppe.
 18027 | Orc:2    | Found a roughly hewn altar of Beogh.
 18028 | Orc:2    | Found Xoh Jink's Antique Weapon Emporium.
 18041 | Orc:2    | Bought a glowing hat for 238 gold pieces
 18041 | Orc:2    | Bought a dazzling cloak for 323 gold pieces
 18041 | Orc:2    | Identified the +4 cloak of the Wumpus {Fly rElec} (You
                  | bought it in a shop on level 2 of the Orcish Mines)
 18738 | Swamp:1  | Entered Level 1 of the Swamp
 18796 | Swamp:1  | Noticed a thorn hunter
 18830 | Swamp:1  | Killed a thorn hunter
 18863 | Swamp:1  | Lost mutation: You are partially covered in iridescent
                  | scales. (AC +2) [Jiyva's grace]
 18863 | Swamp:1  | Lost mutation: You have acidic saliva. [Jiyva's grace]
 18863 | Swamp:1  | Lost mutation: Your body has grown eyes which may confuse
                  | attackers. (Acc +3) [Jiyva's grace]
 18863 | Swamp:1  | Lost mutation: You have a small jelly attached to you that
                  | may absorb projectiles. [Jiyva's grace]
 18863 | Swamp:1  | Gained mutation: Your muscles are strong. (Str +4, Int/Dex
                  | -1) [Jiyva's grace]
 18863 | Swamp:1  | Gained mutation: Your muscles are very strong. (Str +8,
                  | Int/Dex -2) [Jiyva's grace]
 18863 | Swamp:1  | Gained mutation: You are partially covered in iridescent
                  | scales. (AC +2) [Jiyva's grace]
 18863 | Swamp:1  | Gained mutation: You are mostly covered in iridescent
                  | scales. (AC +4) [Jiyva's grace]
 19337 | Swamp:2  | Noticed a thorn hunter
 19348 | Swamp:2  | Killed a thorn hunter
 19350 | Swamp:2  | Gained mutation: You passively dampen the noise of your
                  | surroundings. [hidden potential]
 19509 | Swamp:2  | Noticed a fenstrider witch
 19517 | Swamp:2  | Killed a fenstrider witch
 19538 | Swamp:2  | Identified the +0 leather armour "Goag" {MP+9 Str+3 SInv}
 19939 | Swamp:3  | Noticed a thorn hunter
 19966 | Swamp:3  | Killed a thorn hunter
 20023 | Swamp:3  | Reached XP level 17. HP: 141/158 MP: 17/17
 20300 | Swamp:4  | Entered Level 4 of the Swamp
 20447 | Swamp:4  | Noticed Louise
 20473 | Swamp:4  | Killed Louise
 20617 | Swamp:4  | Noticed a tentacled monstrosity
 20636 | Swamp:4  | Killed a tentacled monstrosity
 20792 | Swamp:4  | Got a mossy gem with 434 turns to spare
 20792 | Swamp:4  | Got a decaying rune of Zot
 21162 | Spider:1 | Entered Level 1 of the Spider Nest
 21196 | Spider:1 | Lost mutation: You have razor-sharp toenails. [Jiyva's
                  | grace]
 21196 | Spider:1 | Lost mutation: You have sharp toenails. [Jiyva's grace]
 21196 | Spider:1 | Lost mutation: You passively map the area around you.
                  | [Jiyva's grace]
 21196 | Spider:1 | Lost mutation: Your muscles are very strong. (Str +8,
                  | Int/Dex -2) [Jiyva's grace]
 21196 | Spider:1 | Lost mutation: Your muscles are strong. (Str +4, Int/Dex
                  | -1) [Jiyva's grace]
 21196 | Spider:1 | Lost mutation: Armour fits poorly on your massive
                  | pseudopods. [Jiyva's grace]
 21196 | Spider:1 | Lost mutation: Your translucent skin reduces your foes'
                  | accuracy. (Stealth+) [Jiyva's grace]
 21196 | Spider:1 | Lost mutation: Your translucent skin slightly reduces your
                  | foes' accuracy. (Stealth+) [Jiyva's grace]
 21196 | Spider:1 | Gained mutation: Your spells are a little harder to cast,
                  | but a little more powerful. [Jiyva's grace]
 21196 | Spider:1 | Gained mutation: Your spells are harder to cast, but more
                  | powerful. [Jiyva's grace]
 21196 | Spider:1 | Gained mutation: Your spells are much harder to cast, but
                  | much more powerful. [Jiyva's grace]
 21196 | Spider:1 | Gained mutation: You are covered in slimy tendrils that may
                  | disarm your opponents. [Jiyva's grace]
 21196 | Spider:1 | Gained mutation: You are agile. (Dex +4, Str/Int -1)
                  | [hidden potential]
 21196 | Spider:1 | Lost mutation: You have hidden genetic potential. [hidden
                  | potential expressed]
 21824 | Spider:2 | Gained mutation: You occasionally lose the ability to read
                  | scrolls when taking damage. [mutagenic glow]
 21969 | Spider:2 | Identified the serpent talisman of Poor Excuses {+Blink
                  | rElec}
 21969 | Spider:2 | Noticed Aizul
 21981 | Spider:2 | Killed Aizul
 22576 | Spider:3 | Reached XP level 18. HP: 172/172 MP: 18/18
 23389 | Spider:4 | Entered Level 4 of the Spider Nest
 23737 | Spider:4 | Lost mutation: You are agile. (Dex +4, Str/Int -1) [Jiyva's
                  | grace]
 23737 | Spider:4 | Lost mutation: Armour fits poorly on your large pseudopods.
                  | [Jiyva's grace]
 23737 | Spider:4 | Lost mutation: You occasionally lose the ability to read
                  | scrolls when taking damage. [Jiyva's grace]
 23737 | Spider:4 | Gained mutation: You have a pair of small antennae on your
                  | head. [Jiyva's grace]
 23737 | Spider:4 | Gained mutation: You have a pair of antennae on your head.
                  | [Jiyva's grace]
 23737 | Spider:4 | Gained mutation: You have a pair of large antennae on your
                  | head. (SInv) [Jiyva's grace]
 23737 | Spider:4 | Gained mutation: You are strong-willed. (Will+) [Jiyva's
                  | grace]
 24204 | Spider:4 | Got a gossamer rune of Zot
 24460 | Elf:1    | Entered Level 1 of the Elven Halls
 24555 | Elf:1    | Reached skill level 15 in Armour
 24856 | Elf:1    | Reached XP level 19. HP: 143/183 MP: 19/19
 25490 | Elf:2    | Found a transporter.
 25496 | Elf:2    | Found a runed translucent gate.
 25505 | Elf:2    | Found a runed translucent gate.
 25513 | Elf:2    | Found a runed translucent gate.
 25562 | Elf:2    | Found a transporter.
 25565 | Elf:2    | Noticed kasel's ghost (adept DsGl)
 25597 | Elf:2    | Killed kasel's ghost
 25622 | Elf:2    | Identified the ring "Ygonno" {Will+ Str+2}
 25826 | Elf:2    | Found Osaex's Magic Scroll Shop.
 25833 | Elf:2    | Bought a scroll of teleportation for 39 gold pieces
 26620 | Vaults:1 | Entered Level 1 of the Vaults
 26620 | Vaults:1 | Lost mutation: You have a pair of large antennae on your
                  | head. (SInv) [Jiyva's grace]
 26620 | Vaults:1 | Gained mutation: You have acidic saliva. [Jiyva's grace]
 26620 | Vaults:1 | Gained mutation: Your melee attacks may engulf your foes in
                  | ooze. [Jiyva's grace]
 26620 | Vaults:1 | Gained mutation: You have large cloven feet. [Jiyva's
                  | grace]
 26620 | Vaults:1 | Gained mutation: You have hoof-like feet. [Jiyva's grace]
 26741 | Vaults:1 | Found Opreuppo's Assorted Antiques.
 26858 | Vaults:1 | Identified the +7 spear "Laolyf" {heavy, rC+}
 27637 | Vaults:2 | Identified the +1 helmet of Beauty {Rampage rF+ Will+
                  | Str-5}
 27650 | Vaults:2 | Found Caogg's Armour Shoppe.
 27680 | Vaults:2 | Reached XP level 20. HP: 187/195 MP: 20/20
 28100 | Vaults:2 | Lost mutation: You have a pair of antennae on your head.
                  | [Jiyva's grace]
 28100 | Vaults:2 | Lost mutation: Armour fits poorly on your pseudopods.
                  | [Jiyva's grace]
 28100 | Vaults:2 | Lost mutation: You passively dampen the noise of your
                  | surroundings. [Jiyva's grace]
 28100 | Vaults:2 | Gained mutation: Armour fits poorly on your pseudopods.
                  | [Jiyva's grace]
 28100 | Vaults:2 | Gained mutation: Armour fits poorly on your large
                  | pseudopods. [Jiyva's grace]
 28100 | Vaults:2 | Gained mutation: Armour fits poorly on your massive
                  | pseudopods. [Jiyva's grace]
 28100 | Vaults:2 | Gained mutation: You are agile. (Dex +4, Str/Int -1)
                  | [Jiyva's grace]
 28751 | Vaults:3 | Found a staircase to the Crypt.
 29775 | Vaults:4 | Lost mutation: You are agile. (Dex +4, Str/Int -1) [Jiyva's
                  | grace]
 29775 | Vaults:4 | Lost mutation: You are strong-willed. (Will+) [Jiyva's
                  | grace]
 29775 | Vaults:4 | Lost mutation: Armour fits poorly on your massive
                  | pseudopods. [Jiyva's grace]
 29775 | Vaults:4 | Lost mutation: You expend magic power (3 MP) to strengthen
                  | your wands. [Jiyva's grace]
 29775 | Vaults:4 | Lost mutation: Your melee attacks may engulf your foes in
                  | ooze. [Jiyva's grace]
 29775 | Vaults:4 | Gained mutation: You have a small jelly attached to you
                  | that may absorb projectiles. [Jiyva's grace]
 29775 | Vaults:4 | Gained mutation: Your movements are slightly less
                  | encumbered by armour. (ER -2) [Jiyva's grace]
 29775 | Vaults:4 | Gained mutation: Your movements are less encumbered by
                  | armour. (ER -4) [Jiyva's grace]
 29775 | Vaults:4 | Gained mutation: Your movements are significantly less
                  | encumbered by armour. (ER -6) [Jiyva's grace]
 29845 | Vaults:4 | Reached XP level 21. HP: 192/206 MP: 21/21
 30700 | Depths:1 | Entered Level 1 of the Depths
 31050 | Depths:1 | Found a one-way gate to the infinite horrors of the Abyss.
 31213 | Depths:1 | Found a stormy altar of Qazlal.
 31239 | Depths:1 | Found a gateway to Hell.
 31669 | Depths:2 | Found a one-way gate leading to the halls of Pandemonium.
 31740 | Depths:2 | Noticed a juggernaut
 31757 | Depths:2 | Killed a juggernaut
 31840 | Depths:2 | Reached XP level 22. HP: 220/220 MP: 22/22
 31854 | Abyss:3  | Cast into level 3 of the Abyss (hell knight)
 31874 | Abyss:3  | Paralysed by accursed screaming for 1 turns
 31927 | Abyss:3  | Found a glowing golden altar of the Shining One.
 31997 | Abyss:3  | Found a glowing golden altar of the Shining One.
 32010 | Abyss:3  | Lost mutation: You have a pair of small antennae on your
                  | head. [Jiyva's grace]
 32010 | Abyss:3  | Lost mutation: You have acidic saliva. [Jiyva's grace]
 32010 | Abyss:3  | Gained mutation: You have a pair of small horns on your
                  | head. [Jiyva's grace]
 32010 | Abyss:3  | Gained mutation: You have a pair of horns on your head.
                  | [Jiyva's grace]
 32010 | Abyss:3  | Gained mutation: You have a pair of large horns on your
                  | head. [Jiyva's grace]
 32010 | Abyss:3  | Gained mutation: Your rubbery body absorbs attacks. (AC +1,
                  | EV +1) [Jiyva's grace]
 32010 | Abyss:3  | Noticed a juggernaut
 32023 | Abyss:3  | Killed a juggernaut
 32026 | Abyss:3  | Got an abyssal rune of Zot
 32104 | Abyss:3  | Found a glowing golden altar of the Shining One.
 32139 | Depths:2 | Escaped the Abyss
 32898 | Depths:3 | Noticed a golden dragon
 32908 | Depths:3 | Killed a golden dragon
 33210 | Depths:3 | Noticed the Enchantress
 33225 | Depths:3 | Killed the Enchantress
 33398 | Depths:3 | Identified the +8 falchion of Noon {drain, ^Drain rC+++
                  | Int+4}
 33851 | Depths:3 | Found a one-way gateway to a ziggurat.
 34084 | Depths:4 | Entered Level 4 of the Depths
 34102 | Depths:4 | Found Big Baal Hell's Store.
 34277 | Depths:4 | Noticed a juggernaut
 34287 | Depths:4 | Killed a juggernaut
 34337 | Depths:4 | Lost mutation: Your spells are much harder to cast, but
                  | much more powerful. [Jiyva's grace]
 34337 | Depths:4 | Gained mutation: You are robust. (+10% HP) [Jiyva's grace]
 34337 | Depths:4 | Gained mutation: You are very robust. (+20% HP) [Jiyva's
                  | grace]
 34337 | Depths:4 | Gained mutation: You are extremely robust. (+30% HP)
                  | [Jiyva's grace]
 34337 | Depths:4 | Gained mutation: Your flesh is cold resistant. (rC+)
                  | [Jiyva's grace]
 34381 | Depths:4 | Reached skill level 27 in Axes
 34410 | Depths:4 | Noticed a caustic shrike
 34411 | Depths:4 | Noticed a caustic shrike
 34411 | Depths:4 | Noticed a caustic shrike
 34412 | Depths:4 | Noticed a caustic shrike
 34423 | Depths:3 | Killed a caustic shrike
 34424 | Depths:3 | Reached XP level 23. HP: 262/297 MP: 23/23
 34424 | Depths:3 | Killed a caustic shrike
 34426 | Depths:3 | Killed a caustic shrike
 34451 | Depths:4 | Killed a caustic shrike
 34510 | Depths:4 | Found Zustih's Assorted Antiques.
 34761 | Depths:4 | Bought a potion of heal wounds for 250 gold pieces
 34761 | Depths:4 | Bought a scroll of teleportation for 150 gold pieces
 34813 | Depths:4 | Found a gate to the Realm of Zot.
 34963 | Depths:4 | Found a runed translucent door.
 34965 | Depths:4 | Noticed Sazoocig's ghost (veteran SpHu)
 35041 | Depths:4 | Killed Sazoocig's ghost
 35046 | Depths:4 | Identified the ring of Qazlal's Wrath {^Drain rF+ rC- Str+5
                  | Int+4}
 35048 | Depths:4 | Identified the +0 scale mail of the Thinker {-Cast -Tele
                  | Harm Will+++}
 35397 | Elf:3    | Entered Level 3 of the Elven Halls
 35455 | Elf:3    | Found a radiant altar of Vehumet.
 35708 | Elf:3    | Found a runed translucent door.
 35709 | Elf:3    | Noticed Eggoleu's ghost (journeyman DEBr)
 35953 | Elf:3    | Identified the ring of Hixueric {AC+4 Dex+3}
 35954 | Elf:3    | Identified the +5 mace of Wusel {venom, rF+}
 35957 | Elf:3    | Identified the +4 chain mail of Toothy Music {rC+ Will+
                  | MP+9}
 35957 | Elf:3    | Identified the ring "Jennett" {rElec Will+ MP+9 Int+4
                  | Dex+2}
 35958 | Elf:3    | Identified the +6 flail of the Warrior {vamp, rPois rC+
                  | Str+3}
 35958 | Elf:3    | Identified the amulet "Kenibaeh" {Reflect Int+2 Dex+4 SH+5}
 36048 | Elf:3    | Identified the +0 pair of gloves of Dithmenos's Hatred
                  | {SInv Stlth+}
 36059 | Elf:3    | Got the Meditations on Skeletons
 36064 | Elf:3    | Identified the +0 rapier of the Poles {elec, Stlth+}
 36066 | Elf:3    | Identified the +2 flail of Dissolution {venom, Str+3 Int+4}
 36223 | Elf:3    | Found Wauteiz's Antique Weapon Shoppe.
 36419 | Elf:3    | Killed Eggoleu's ghost
 36805 | Crypt:1  | Entered Level 1 of the Crypt
 36877 | Crypt:1  | Reached skill level 1 in Necromancy
 36965 | Crypt:1  | Reached skill level 1 in Ice Magic
 37036 | Crypt:1  | Reached skill level 1 in Evocations
 37214 | Crypt:1  | Reached skill level 1 in Spellcasting
 37790 | Crypt:2  | Lost mutation: You have a pair of large horns on your head.
                  | [Jiyva's grace]
 37790 | Crypt:2  | Lost mutation: You have a pair of horns on your head.
                  | [Jiyva's grace]
 37790 | Crypt:2  | Lost mutation: Your spells are harder to cast, but more
                  | powerful. [Jiyva's grace]
 37790 | Crypt:2  | Lost mutation: Your movements are significantly less
                  | encumbered by armour. (ER -6) [Jiyva's grace]
 37790 | Crypt:2  | Gained mutation: You are completely covered in iridescent
                  | scales. (AC +6) [Jiyva's grace]
 37790 | Crypt:2  | Gained mutation: You expend magic power (3 MP) to
                  | strengthen your wands. [Jiyva's grace]
 37790 | Crypt:2  | Gained mutation: You have acidic saliva. [Jiyva's grace]
 37790 | Crypt:2  | Gained mutation: Your muscles are strong. (Str +4, Int/Dex
                  | -1) [Jiyva's grace]
 37797 | Crypt:2  | Reached XP level 24. HP: 315/315 MP: 24/24
 38593 | Crypt:1  | Found a basalt altar of Yredelemnul.
 38656 | Crypt:3  | Entered Level 3 of the Crypt
 39084 | Crypt:3  | Found a staircase to the Tomb.
 39192 | Crypt:3  | Lost mutation: You have hoof-like feet. [Jiyva's grace]
 39192 | Crypt:3  | Lost mutation: You have large cloven feet. [Jiyva's grace]
 39192 | Crypt:3  | Lost mutation: You are completely covered in iridescent
                  | scales. (AC +6) [Jiyva's grace]
 39192 | Crypt:3  | Lost mutation: You are mostly covered in iridescent scales.
                  | (AC +4) [Jiyva's grace]
 39192 | Crypt:3  | Lost mutation: Your flesh is cold resistant. (rC+) [Jiyva's
                  | grace]
 39192 | Crypt:3  | Lost mutation: You are extremely robust. (+30% HP) [Jiyva's
                  | grace]
 39192 | Crypt:3  | Lost mutation: You are very robust. (+20% HP) [Jiyva's
                  | grace]
 39192 | Crypt:3  | Lost mutation: Your rubbery body absorbs attacks. (AC +1,
                  | EV +1) [Jiyva's grace]
 39192 | Crypt:3  | Gained mutation: You passively map the area around you.
                  | [Jiyva's grace]
 39192 | Crypt:3  | Gained mutation: You passively map a large area around you.
                  | [Jiyva's grace]
 39192 | Crypt:3  | Gained mutation: Your skin changes colour to match your
                  | surroundings (Stealth+). [Jiyva's grace]
 39192 | Crypt:3  | Gained mutation: Your skin blends seamlessly with your
                  | surroundings (Stealth++). [Jiyva's grace]
 39346 | Crypt:3  | Identified the +8 orcbow of Disharmony {heavy, Int+2}
 39497 | Crypt:3  | Identified the ring "Himuedd" {rElec rF+ Will+ AC+4 Int-5}
 39601 | Crypt:3  | Reached skill level 5 in Necromancy
 39881 | Crypt:3  | Identified the amulet of the Ego {^Fragile rPois Regen+
                  | rCorr Dex+3}
 39881 | Crypt:3  | Identified the ring "Hilang" {^Contam Fly rC+ rN+ Str+8}
 39881 | Crypt:3  | Identified the ring of the Frog {Fly rElec rC+ rN+ Str-5}
 40396 | Vaults:5 | Entered Level 5 of the Vaults
 40410 | Vaults:5 | Identified the +0 leather armour "Suppocve" {rElec rN+
                  | Will+}
 40411 | Vaults:5 | Identified the +2 cloak of Soimn {rN+}
 40540 | Vaults:5 | Reached skill level 5 in Ice Magic
 40591 | Vaults:5 | Reached XP level 25. HP: 269/280 MP: 27/27
 40694 | Vaults:5 | Noticed an ancient lich
 40707 | Vaults:5 | Killed an ancient lich
 40709 | Vaults:5 | Got a silver rune of Zot
 40737 | Vaults:5 | Identified the +9 hand axe "Totab" {holy, rC- Will+ SInv}
 40832 | Vaults:5 | Identified the ring "Sacw" {*Corrode Fly Will+ EV+5}
 40881 | Vaults:5 | Got the Spellbook of Mercurial Damage
 41295 | Vaults:5 | Identified the +7 great sword of Melee {flame, rPois Will+
                  | Str+4}
 42188 | Zot:1    | Entered Level 1 of the Realm of Zot
 42312 | Zot:1    | Lost mutation: You are partially covered in iridescent
                  | scales. (AC +2) [Jiyva's grace]
 42312 | Zot:1    | Lost mutation: You are robust. (+10% HP) [Jiyva's grace]
 42312 | Zot:1    | Lost mutation: Armour fits poorly on your large pseudopods.
                  | [Jiyva's grace]
 42312 | Zot:1    | Lost mutation: You have a small jelly attached to you that
                  | may absorb projectiles. [Jiyva's grace]
 42312 | Zot:1    | Lost mutation: Your movements are less encumbered by
                  | armour. (ER -4) [Jiyva's grace]
 42312 | Zot:1    | Gained mutation: You have a small jelly attached to you
                  | that may absorb projectiles. [Jiyva's grace]
 42312 | Zot:1    | Gained mutation: Your muscles are very strong. (Str +8,
                  | Int/Dex -2) [Jiyva's grace]
 42312 | Zot:1    | Gained mutation: A frigid envelope surrounds you and
                  | freezes all who hurt you. [Jiyva's grace]
 42312 | Zot:1    | Gained mutation: You have a small jelly attached to you
                  | that senses nearby items. [Jiyva's grace]
 42572 | Zot:2    | Reached skill level 5 in Evocations
 42584 | Zot:2    | Reached skill level 27 in Fighting
 43004 | Zot:2    | Got Kesmism's Discursus on Injury
 43114 | Zot:2    | Found a runed translucent door.
 43114 | Zot:2    | Found a shimmering altar of Xom.
 43114 | Zot:2    | Noticed Ris Kia's ghost (legendary MiFi)
 43507 | Zot:3    | Noticed an ancient lich
 43512 | Zot:3    | Noticed a Killer Klown
 43516 | Zot:3    | Killed a Killer Klown
 43517 | Zot:3    | Reached XP level 26. HP: 237/266 MP: 29/29
 43988 | Zot:3    | Noticed Celeygasm's ghost (legendary DsGl)
 44009 | Zot:3    | Found a transporter.
 44069 | Zot:3    | Found a transporter.
 44075 | Zot:3    | Killed an ancient lich
 44104 | Zot:3    | Killed Celeygasm's ghost
 44464 | Zot:4    | Noticed an orb of fire
 44464 | Zot:4    | Gained mutation: You sometimes lose your temper in combat.
                  | [an orb of fire]
 44468 | Zot:4    | Gained mutation: Your body sometimes deteriorates upon
                  | taking damage. [an orb of fire]
 44472 | Zot:4    | Killed an orb of fire
 44750 | Zot:4    | Lost mutation: Your body sometimes deteriorates upon taking
                  | damage. [Jiyva's grace]
 44750 | Zot:4    | Lost mutation: You passively map a large area around you.
                  | [Jiyva's grace]
 44750 | Zot:4    | Gained mutation: You are strong-willed. (Will+) [Jiyva's
                  | grace]
 44750 | Zot:4    | Gained mutation: You are highly strong-willed. (Will++)
                  | [Jiyva's grace]
 44750 | Zot:4    | Gained mutation: You are extremely strong-willed. (Will+++)
                  | [Jiyva's grace]
 44750 | Zot:4    | Gained mutation: You have large cloven feet. [Jiyva's
                  | grace]
 44867 | Zot:4    | Reached skill level 5 in Spellcasting
 44882 | Zot:4    | Noticed a Killer Klown
 44890 | Zot:4    | Killed a Killer Klown
 45378 | Zot:5    | Entered Level 5 of the Realm of Zot
 45683 | Zot:5    | Reached skill level 27 in Shields
 45720 | Zot:5    | Noticed a dread lich
 45739 | Zot:5    | Killed a dread lich
 45759 | Zot:5    | Reached XP level 27. HP: 273/273 MP: 30/31
 45805 | Zot:5    | Reached skill level 10 in Necromancy
 45903 | Zot:5    | Reached skill level 10 in Stealth
 46254 | Zot:5    | Noticed an orb of fire
 46260 | Zot:5    | Killed an orb of fire
 46450 | Zot:5    | Noticed an orb of fire
 46451 | Zot:5    | Gained mutation: Your body sometimes deteriorates upon
                  | taking damage. [an orb of fire]
 46457 | Zot:5    | Reached skill level 10 in Dodging
 46459 | Zot:5    | Killed an orb of fire
 46527 | Zot:5    | Reached skill level 10 in Ice Magic
 46735 | Hell     | Entered the Vestibule of Hell
 46757 | Hell     | Found a gateway to the decaying netherworld of Tartarus.
 46924 | Hell     | Found a gateway to the freezing wastes of Cocytus.
 47076 | Hell     | Noticed Geryon
 47084 | Hell     | Found a gateway to the ashen valley of Gehenna.
 47092 | Hell     | Killed Geryon
 47251 | Hell     | Found a gateway to the Iron City of Dis.
 47437 | Coc:1    | Entered Level 1 of Cocytus
 47447 | Coc:1    | Paralysed by a wendigo for 1 turns
 47556 | Coc:1    | Paralysed by a wendigo for 1 turns
 47828 | Coc:2    | Lost mutation: Your body sometimes deteriorates upon taking
                  | damage. [Jiyva's grace]
 47828 | Coc:2    | Lost mutation: A frigid envelope surrounds you and freezes
                  | all who hurt you. [Jiyva's grace]
 47828 | Coc:2    | Lost mutation: You passively map the area around you.
                  | [Jiyva's grace]
 47828 | Coc:2    | Lost mutation: Your movements are slightly less encumbered
                  | by armour. (ER -2) [Jiyva's grace]
 47828 | Coc:2    | Gained mutation: You are agile. (Dex +4, Str/Int -1)
                  | [Jiyva's grace]
 47828 | Coc:2    | Gained mutation: You are very agile. (Dex +8, Str/Int -2)
                  | [Jiyva's grace]
 47828 | Coc:2    | Gained mutation: You passively dampen the noise of your
                  | surroundings. [Jiyva's grace]
 47828 | Coc:2    | Gained mutation: You have very sharp teeth. [Jiyva's grace]
 47994 | Coc:3    | Paralysed by a wendigo for 1 turns
 48380 | Coc:5    | Paralysed by a wendigo for 1 turns
 48536 | Coc:4    | Lost intelligence.
 49360 | Coc:7    | Entered Level 7 of Cocytus
 49411 | Coc:7    | Paralysed by a wendigo for 1 turns
 49452 | Coc:7    | Paralysed by a wendigo for 1 turns
 49457 | Coc:7    | Paralysed by a wendigo for 1 turns
 50286 | Coc:7    | Noticed Antaeus
 50303 | Coc:7    | Killed Antaeus
 50339 | Coc:7    | Got an icy rune of Zot
 50427 | Coc:7    | Got the Notes on Planar Creation
 50431 | Coc:7    | Got the Codex of Sandy Leadership
 50531 | Coc:7    | Identified the +5 flail "Onubyor" {freeze, Int+7}
 51220 | Dis:1    | Entered Level 1 of the Iron City of Dis
 51286 | Dis:1    | Reached skill level 15 in Stealth
 51533 | Tar:1    | Entered Level 1 of Tartarus
 51842 | Tar:2    | HP: 8/273 [tainted leviathan (16)]
 51843 | Tar:2    | Hit by a large rock thrown by a tainted leviathan

Illustrated notes

Levels and vault maps discovered:
D:1:      dpeg_arrival_lava_altar, layout_loops_ring,
          dreamdust_ecumenical_altar_grove, chequers_arboretum,
          chequers_serial_rivers_micro_d, moated_statue
D:2:      layout_rooms, basic_altar, uniq_crazy_yiuf_cottage
D:3:      layout_basic, overflow_temple_1_default,
          hangedman_abyss_or_decor_lesser_grid, grunt_ministairs_2,
          minmay_three_crescents
D:4:      layout_loops_ring
D:5:      layout_basic, minmay_temple_entry_junction_2, uniq_ijyb,
          uniq_prince_ribbit1, uniq_eustachio
D:6:      layout_loops_ring, lemuel_coloured_pillars_altar
D:7:      layout_basic, enter_bailey_3
D:8:      layout_cave_pods, amcnicky_altar_gilded,
          nicolae_uskayaw_murder_on_the_dancefloor, grunt_temple_overflow_open,
          chequers_serial_rivers_small_b, kennysheep_small_square
D:9:      layout_stronghold, roderic_cross_of_infinity,
          nicolae_diode_intersection, uniq_joseph
D:10:     layout_basic, hex_tiny, nicolae_twisty_statue_hallways
D:11:     layout_long_grid, lair_entry_dummy, orc_0_dummy, uniq_maurice,
          uniq_fannar, uniq_lodul
D:12:     layout_irregular_city, portal_ice_cave_entry_pillars_1,
          nemelex_diamond_rough_becter, uniq_rupert, uniq_josephine, uniq_snorg
D:13:     layout_roguey, hellmonk_vaults_keyhole, nicolae_ashenzari_panopticon,
          uniq_frances
D:14:     layout_gridville, nrook_campfire, zin_statuary
D:15:     hangedman_depths_entry_try_elsewhere_first, layout_basic,
          palyth_stone_intersect
Lair:1:   layout_regular_city, nzn_sisyphean_effort
Lair:2:   layout_cave_shapes, grunt_megastairs_2, lemuel_fruit_fields,
          uniq_nergalle
Lair:3:   layout_cellular_growth, mainiacjoe_swamp_entry_lozenge_pond,
          spider_nest_entry_webs, serial_bayou_pond_d, lemuel_fruit_fields
Lair:4:   layout_cave_pods, slime_entry_1
Lair:5:   evilmike_catoblepas_cave, layout_cave_pods,
          lightli_volcano_entry_magma_tube, minivault_26,
          nicolae_lair_liquid_snakes
Swamp:1:  layout_basic_swamp, nicolae_swamp_round_clearing, swamp_pool_5,
          nicolae_swamp_decorative_isthmus
Swamp:2:  layout_falls_marsh, evilmike_swamp_ruin_house_1, swamp_pool_1_2
Swamp:3:  layout_basic_swamp, infiniplex_staircase_pool
Swamp:4:  swamp_vile, layout_basic_swamp, swamp_pool_1_2,
          nicolae_swamp_little_swirl, uniq_louise
Spider:1: layout_spider_delve, nicolae_spider_checkerboard
Spider:2: layout_spider_delve, uniq_aizul
Spider:3: layout_spider_delve
Spider:4: spider_rune_water
Slime:1:  layout_caves, nicolae_slime_phagocytosis
Slime:2:  layout_caves, dissolution_awaits
Slime:3:  layout_caves, nicolae_slime_getting_an_eyeful
Slime:4:  layout_caves
Slime:5:  slime_pit_nicolae_trefoil
Orc:1:    layout_caves, mines5_lemuel
Orc:2:    grunt_orc_community_town_hall, layout_caves,
          grunt_orc_community_big_house_1, grunt_orc_community_big_house_1,
          grunt_orc_community_house_1, grunt_orc_community_house_1,
          grunt_orc_community_house_2, grunt_orc_community_house_3,
          grunt_orc_community_house_2, serial_shops, shop, uniq_sonja
Elf:1:    minmay_elf_arrival_plus, layout_geoelf_grid, minivault_28,
          nicolae_elf_w_pinch
Elf:2:    nicolae_elf_blades_splatter_lattice
          [nicolae_blade_entry_diamond_columns], layout_onion_city,
          gammafunk_ghost_berserking_beasts, serial_shops, shop, lemuel_elevator
Elf:3:    minmay_elf_hall_statues, layout_loops_cross, basic_altar,
          ebering_ghost_inner_flame, serial_shops, nicolae_shop_hallway_plus
Vaults:1: nicolae_vaults_three_branches, hangedman_vaults_stretched_pinwheel,
          v_misc_22, nicolae_vaults_cochlea, hangedman_vaults_stitches,
          nicolae_vaults_alarming, nicolae_vaults_closet_pinwheel_4,
          hangedman_vaults_pinch, nicolae_vaults_asterisk,
          nicolae_vaults_closet_pinwheel_2, layout_vaults_big_room,
          serial_shops, nicolae_shop_advertising_works
          [nicolae_subvault_shop_adworks]
Vaults:2: v_rooms_5, nicolae_vaults_prndl,
          vaults_standard_mumra_enter_the_diamond, v_pattern_3,
          nicolae_vaults_double_plus_2, nicolae_vaults_stepped_doors,
          nicolae_vaults_heart-shaped_vault,
          nicolae_vaults_trapezoid_lopsided_3, nicolae_vaults_double_plus_1,
          layout_vaults_omnigrid, serial_shops, shop
Vaults:3: vaults_mumra_hexcomb, v_misc_22, vaults_room_grid,
          nicolae_vaults_tangram_2, grunt_vaults_funnel,
          nicolae_vaults_shipping_containers_7, dpeg_vaults_monster_row,
          nicolae_vaults_little_squares_4, nicolae_vaults_back_hallway,
          layout_vaults_omnicross, dummy_crypt_entry
Vaults:4: nicolae_vaults_network_star, v_alt_pattern_1,
          nicolae_vaults_tetromino_T_2, nicolae_vaults_network_quinsquares
          [nicolae_vaults_network_quincunx_subvault,
          nicolae_vaults_network_quincunx_subvault,
          nicolae_vaults_network_quincunx_subvault,
          nicolae_vaults_network_quincunx_subvault], v_misc_33,
          vaults_dpeg_doors, v_misc_2, nicolae_vaults_angled_halls,
          nicolae_vaults_doubleplus_tesselated,
          nicolae_vaults_crenellated_ambush, ontoclasm_vaults_loading_screen,
          dpeg_vaults_monster_box, nicolae_vaults_hexular_roomagon,
          layout_vaults_ring
Vaults:5: serial_shops
Crypt:1:  layout_gridlike, grunt_megastairs_4, lemuel_upstairs_altar
Crypt:2:  layout_regular_city, nicolae_crypt_knee_deep_in_the_dead,
          grunt_megastairs_5
Crypt:3:  due_elkab, layout_chaotic_city, nicolae_tomb_entry_grand_gallery,
          lemuel_dead_fish_pool
Depths:1: layout_twisted_cross, corexii_hall_statues_u, hell_entry,
          minmay_room_of_horrors, st_stairs_13, nicolae_qazlal_scattered_showers
Depths:2: minmay_big_diamond_grid, layout_gridlike, hellmouth_3, pan_entry
Depths:3: minmay_quantized_circle, layout_basic, enter_ziggurat_d,
          nicolae_abyss_entry_one_way_or_another, grunt_hell_entry_dis_mu,
          uniq_enchantress
Depths:4: evilmike_zot_entry_basic, layout_cave_shapes,
          ebering_ghost_reflecting_pool, corexii_hall_statues_i, serial_shops,
          shop, nicolae_hell_entry_big_baal_hell, st_stairs_14, feat_on_display
Hell
Dis:1:    layout_subdivisions, evilmike_ambush [evilmike_ambush_outer_basic,
          evilmike_ambush_inner_basic]
Coc:1:    layout_cocytus_delve
Coc:2:    layout_cocytus_water_paths
Coc:3:    layout_cocytus_water_paths
Coc:4:    layout_cocytus_delve
Coc:5:    layout_cocytus_delve
Coc:6:    layout_cocytus_water_paths
Coc:7:    coc_old
Tar:1:    layout_cathedral_of_symmetry, nicolae_tar_honey_chapel
Tar:2:    nicolae_tar_checkpoint_tarlie, layout_cathedral_of_symmetry,
          evilmike_ambush [evilmike_ambush_outer_pillars,
          evilmike_ambush_inner_pond]
Zot:1:    layout_onion_interference
Zot:2:    layout_basic, ebering_ghost_xom, regret_index_zotdec_barnacled_simple
Zot:3:    layout_misc_corridors, hangedman_zot_diagonal_lockstep,
          gammafunk_ghost_mausoleum, st_single_dragon_hoard_4, st_stairs_2
Zot:4:    layout_cathedral_of_symmetry, uniq_josephina
Zot:5:    layout_cathedral_of_symmetry

Skill      XL: |  1  2  3  4  5  6  7  8  9 10 11 12 13 14 15 16 17 18 19 20 21 22 23 24 25 26 27 |
---------------+----------------------------------------------------------------------------------+-----
Fighting       | 4 5 6 7 8 9 10 12 13 15 16 18 19 20 21 23 24 25 26 27 | 27.0
Axes           | 3 4 5 6 7 8 9 11 13 15 16 17 18 20 21 22 23 24 25 27 | 27.0
Shields        | 4 5 6 8 10 11 12 14 15 16 17 18 19 20 21 22 23 24 25 26 27 | 27.0
Armour         | 4 5 6 7 9 10 12 13 14 15 16 17 18 19 20 22 | 22.6
Dodging        | 1 2 3 4 5 6 7 9 12 | 12.0
Stealth        | 1 2 3 4 5 6 7 8 9 15 | 15.2
Necromancy     | 2 5 8 9 12 | 12.8
Ice Magic      | 2 5 7 9 12 | 12.2
Evocations     | 1 3 5 7 9 |  9.8
Spellcasting   | 1 2 4 5 7 |  7.4

Action                     |  1- 3 |  4- 6 |  7- 9 | 10-12 | 13-15 | 16-18 | 19-21 | 22-24 | 25-27 || total
---------------------------+-------+-------+-------+-------+-------+-------+-------+-------+-------++-------
  Melee: War axe           |    97 |    77 |       |   213 |   872 |  1020 |  1063 |  1469 |   211 ||  5022
         Kick              |       |    14 |    69 |   106 |   105 |    77 |       |       |       ||   371
         Hand axe          |       |    17 |   204 |   196 |       |       |       |       |       ||   417
         Pseudopods        |       |       |       |    61 |   238 |   360 |   417 |   580 |   462 ||  2118
         Bite              |       |       |       |    38 |   135 |    29 |   228 |   161 |   290 ||   881
         Headbutt          |       |       |       |       |       |       |       |   634 |   484 ||  1118
         Broad axe         |       |       |       |       |       |       |       |       |   897 ||   897
 Invoke: Oozemancy         |       |       |     3 |     1 |     1 |     2 |     4 |     3 |     1 ||    15
         Slimify           |       |       |       |     1 |     2 |       |       |     1 |       ||     4
  Evoke: Wand              |       |       |       |     1 |       |       |       |     1 |       ||     2
         Phial of floods   |       |       |       |       |       |       |       |       |     2 ||     2
         Condenser vane    |       |       |       |       |       |       |       |       |     2 ||     2
         Box of beasts     |       |       |       |       |       |       |       |       |     2 ||     2
         Phantom mirror    |       |       |       |       |       |       |       |       |     2 ||     2
         Horn of Geryon    |       |       |       |       |       |       |       |       |     1 ||     1
    Use: Potion            |     5 |     2 |     2 |     1 |     1 |     4 |       |     1 |     1 ||    17
         Scroll            |     5 |     3 |     4 |     1 |    10 |       |     2 |     1 |     9 ||    35
   Stab: Distracted        |       |       |     1 |     3 |       |       |     2 |     3 |    50 ||    59
         Sleeping          |       |       |       |     3 |     3 |       |       |     8 |     2 ||    16
         Confused          |       |       |       |       |    25 |     4 |       |       |       ||    29
         Invisible         |       |       |       |       |       |       |       |       |     2 ||     2
 Armour: Scale mail        |    67 |    38 |   101 |    10 |       |       |       |       |       ||   216
         Chain mail        |       |       |       |   123 |    45 |       |       |       |       ||   168
         Plate armour      |       |       |       |       |   144 |       |       |       |       ||   144
         Gold dragon scale |       |       |       |       |   176 |   961 |   690 |   755 |   534 ||  3116
  Dodge: Dodged            |    28 |    14 |    39 |   108 |   197 |   243 |   174 |   275 |   207 ||  1285
  Block: Tower shield      |    58 |    86 |   189 |   339 |   460 |       |       |       |       ||  1132
         Buckler           |     8 |       |       |       |       |       |       |       |       ||     8
         Kite shield       |       |       |       |       |   154 |   770 |   671 |  1070 |   776 ||  3441
         Reflection        |       |       |       |       |       |       |       |     7 |    59 ||    66
Riposte: War axe           |       |       |       |       |    17 |   280 |   236 |   390 |    41 ||   964
         Broad axe         |       |       |       |       |       |       |       |       |   216 ||   216

Table legend: (Time is in decaauts)
 A = Elapsed time spent in this place.
 B = Non-inter-level travel time spent in this place.
 C = Inter-level travel time spent in this place.
 D = Time resting spent in this place.
 E = Time spent auto-exploring this place.
 F = Levels seen in this place.
 G = Mean time per level.
                   A        B        C        D        E       F      G
               +--------+--------+--------+--------+--------+-----+--------+
         Total |  50806 |  45057 |   5749 |    863 |  33316 |  69 |  736.3 |
       Dungeon |  12283 |  10567 |   1716 |    228 |   8518 |  15 |  818.9 |
          Lair |   5056 |   4596 |    460 |    115 |   3246 |   5 | 1011.2 |
         Swamp |   2292 |   2159 |    133 |      0 |   1616 |   4 |  573.0 |
   Spider Nest |   3030 |   2873 |    157 |      0 |   2046 |   4 |  757.5 |
    Slime Pits |    528 |    292 |    236 |      0 |    278 |   5 |  105.6 |
  Orcish Mines |   1479 |   1276 |    203 |    100 |    854 |   2 |  739.5 |
   Elven Halls |   3119 |   2827 |    292 |      0 |   2043 |   3 | 1039.7 |
        Vaults |   5599 |   4917 |    682 |      0 |   3700 |   5 | 1119.8 |
         Crypt |   3088 |   2792 |    296 |      3 |   1940 |   3 | 1029.3 |
        Depths |   4161 |   3742 |    419 |     25 |   2751 |   4 | 1040.2 |
          Hell |   1470 |   1281 |    189 |    122 |    861 |   1 | 1470.0 |
           Dis |      5 |      5 |      0 |      0 |      0 |   1 |    5.0 |
       Cocytus |   2932 |   2405 |    527 |    134 |   1568 |   7 |  418.9 |
      Tartarus |    306 |    276 |     30 |      0 |    249 |   2 |  153.0 |
           Zot |   4375 |   3971 |    404 |    135 |   3040 |   5 |  875.0 |
         Abyss |    259 |    259 |      0 |      0 |     94 |   1 |  259.0 |
        Bailey |    292 |    292 |      0 |      0 |    162 |   1 |  292.0 |
      Ice Cave |    525 |    525 |      0 |      0 |    347 |   1 |  525.0 |
               +--------+--------+--------+--------+--------+-----+--------+

Top non-repeatable levels by time:
    Hell: 1470 daAuts
  Lair:5: 1461 daAuts
   Coc:7: 1370 daAuts
Vaults:5: 1356 daAuts
Depths:3: 1310 daAuts
Vaults:2: 1293 daAuts
 Crypt:3: 1266 daAuts
   Zot:5: 1194 daAuts
    D:13: 1160 daAuts
   Elf:2: 1149 daAuts
  Lair:1: 1106 daAuts
Depths:2: 1099 daAuts
   Orc:2: 1048 daAuts
    D:11: 1035 daAuts
   Elf:3: 1032 daAuts
